 Dungeon Crawl Stone Soup version 0.29.0-13-gc9e81de378 (webtiles) character file.

Game seed: 278963248214183034

4181 sanka the Severer (level 10, -8/84 HPs)
             Began as a Minotaur Berserker on Sept 7, 2022.
             Was a High Priest of Trog.
             Mangled by a wight
             ... wielding a +4 great sword
              (18 damage)
             ... on level 7 of the Dungeon.
             The game lasted 00:10:39 (6959 turns).

sanka the Severer (Minotaur Berserker)              Turns: 6959, Time: 00:10:41

Health: -8/84      AC:  4    Str: 29    XL:     10   Next: 8%
Magic:  9/9        EV: 14    Int:  4    God:    Trog [*****.]
Gold:   247        SH:  4    Dex: 13    Spells: 9/9 levels left

rFire   + . .      SeeInvis .   D - +0 battleaxe
rCold   . . .      Faith    .   (shield currently unavailable)
rNeg    . . .      Spirit   .   b - +0 animal skin
rPois   .          Reflect  .   (helmet unavailable)
rElec   .          Harm     .   (no cloak)
rCorr   .          Rampage  .   (no gloves)
Will    .....                   K - +1 pair of boots {Stlth+}
Stlth   ++........              r - amulet of regeneration
HPRegen 1.04/turn               A - +6 ring of strength
MPRegen 0.11/turn               g - ring of protection from fire

@: lethally poisoned (-8 -> -14), slowed, very slow
A: horns 3, retaliatory headbutt, large bone plates 1, wild magic 1
a: Renounce Religion, Berserk, Trog's Hand, Brothers in Arms


You were on level 7 of the Dungeon.
You worshipped Trog.
Trog was extremely pleased with you.
You visited 1 branch of the dungeon, and saw 7 of its levels.
You also visited: Sewer and Ossuary.

You collected 428 gold pieces.
You spent 181 gold pieces at shops.


Innate Abilities, Weirdness & Mutations

You have a pair of large horns on your head.
You reflexively headbutt those who attack you in melee.
You are partially covered in large bone plates. (SH +4)
Your spells are a little harder to cast, but a little more powerful.


   Skills:
 + Level 6.3 Fighting
 * Level 15.1 Axes
 + Level 5.6 Armour
 + Level 5.1 Dodging


You had 9 spell levels left.
You didn't know any spells.
Your spell library was empty.

Inventory:

Hand Weapons
 a - a +1 hand axe of flaming
 C - a +2 dire flail of flaming
 D - a +0 battleaxe (weapon)
Missiles
 t - 2 curare-tipped darts {=f}
Armour
 b - a +0 animal skin (worn)
 K - a +1 pair of boots of stealth (worn)
 L - a +0 pair of gloves
Jewellery
 g - a ring of protection from fire (right hand)
 r - an amulet of regeneration (around neck)
 A - a +6 ring of strength (left hand)
 M - a ring of positive energy
Wands
 E - a wand of flame (18)
Scrolls
 f - 2 scrolls of noise {unknown}
 h - a scroll of immolation {unknown}
 j - 8 scrolls of identify {unknown}
 k - 4 scrolls of blinking {unknown}
 l - 3 scrolls of teleportation {unknown}
 m - 3 scrolls of vulnerability {unknown}
 n - 5 scrolls of poison {unknown}
 o - a scroll of enchant armour {unknown}
 s - a scroll of fear {unknown}
 v - 2 scrolls of fog {unknown}
 w - a scroll of summoning {unknown}
 x - 3 scrolls of amnesia {unknown}
 y - a scroll of brand weapon {unknown}
Potions
 c - 5 potions of curing {unknown}
 d - a potion of brilliance {unknown}
 e - a potion of might {unknown}
 i - a potion of flight {unknown}
 p - a potion of resistance {unknown}
 q - a potion of experience {unknown}
 u - 3 potions of haste {unknown}
 z - 3 potions of attraction {unknown}
 B - a potion of invisibility {unknown}
 F - 2 potions of berserk rage {unknown}
 G - 3 potions of mutation {!q}
 H - a potion of lignification {unknown}
 I - a potion of magic {unknown}
 J - a potion of cancellation {unknown}

Dungeon Overview and Level Annotations

Branches:
Dungeon (7/15)              Sewer (visited)         Ossuary (visited)
 Temple: D:4-7

Altars:
Fedhas
Kikubaaqudgha
Nemelex Xobeh
Uskayaw
Xom

Shops:
D:6 [

Annotations:
D:4 1 runed translucent door, Crazy Yiuf
D:5 1 transporter

.......▒.
.........
........▒
........▒
........▒
........▒
........▒▒▒▒▒▒▒▒
.........z.....▒
..........H▒...▒▒
.........▒▒▒▒...▒
........▒▒
▒▒...▒▒▒▒▒▒
.......▒▒
▒▒..........
......▒
▒▒..▒▒▒......
.....▒ ▒▒..▒▒
▒..▒▒▒▒ ▒ ..▒▒
▒▒..▒▒ ▒..▒ .
▒▒..▒▒ ▒..▒▒
▒▒...▒ ▒▒...▒▒▒▒.


You could see a wight.


Message History

You feel sick. The hornet misses you.
You slash the hornet!
The hornet is severely wounded.
You feel sick. The hornet stings you!
You are more poisoned.
You suddenly lose the ability to move!
You feel very sick.
The hornet stings you but does no damage.
The hornet stings you!
* * * LOW HITPOINT WARNING * * *
You feel yourself slow down.
You feel yourself speed up.
You feel sick.
The wight hits you with a +4 great sword!!
* * * LOW HITPOINT WARNING * * *
The hornet stings you.
* * * LOW HITPOINT WARNING * * *
You are more poisoned.
You feel yourself slow down.
You can move again.
You slice the hornet!!
You kill the hornet!
Trog accepts your kill.
You hit the wight.
* * * LOW HITPOINT WARNING * * *
You feel very sick.
The wight hits you with a +4 great sword!!
You die...

Action                   |  1- 3 |  4- 6 |  7- 9 | 10-12 || total
-------------------------+-------+-------+-------+-------++-------
Melee: Hand axe          |    92 |   182 |   165 |       ||   439
       Headbutt          |    10 |    29 |    51 |     2 ||    92
       Punch             |     2 |     1 |     2 |       ||     5
       Battleaxe         |       |       |   128 |    11 ||   139
Invok: Berserk           |       |       |     3 |       ||     3
  Use: Potion            |     2 |       |     2 |       ||     4
 Stab: Sleeping          |       |       |       |     5 ||     5
Armor: Animal skin       |    10 |     8 |    33 |     2 ||    53
Dodge: Dodged            |    57 |    83 |   143 |     7 ||   290
Block: Other             |       |       |    27 |     1 ||    28

Levels and vault maps discovered:
D:1:      lightli_arrival_maybe_door_vault, layout_basic, minmay_heptomino_o4
D:2:      layout_basic, hellmonk_ecumenical_altar_inner_sanctum, basic_altar,
          chequers_serial_rivers_micro_c
D:3:      layout_basic, dancing_weapons_uskayaw, tgw_kikubaaqudgha,
          gup_sewer_entry_spiral, grunt_ministairs_14
D:4:      layout_gridville, led_xom_imps, lightli_ossuary_entry_decrepit_ruins,
          grunt_tough_drop, uniq_crazy_yiuf_cottage, uniq_menkaure
D:5:      layout_layer_cave, grunt_nemelex_the_gamble
D:6:      layout_basic, serial_shops, nicolae_stop_n_shop_2, minivault_23,
          hangedman_minor_gate_pass, uniq_duvessa
D:7:      layout_layer_cave, minmay_temple_entry_slanted, nicolae_benzene_ring,
          hangedman_glass_teeth, uniq_maggie

Notes
Turn   | Place    | Note
-------+----------+-------------------------------------------
     0 | D:1      | sanka the Minotaur Berserker began the quest for the Orb.
     0 | D:1      | Reached XP level 1. HP: 19/19 MP: 0/0
   146 | D:1      | Reached skill level 4 in Axes
   148 | D:1      | Reached XP level 2. HP: 26/26 MP: 1/1
   862 | D:1      | Reached skill level 5 in Axes
  1063 | D:2      | Found a blossoming altar of Fedhas.
  1172 | D:2      | Reached XP level 3. HP: 30/31 MP: 2/2
  1201 | D:2      | Reached ** piety under Trog
  1275 | D:2      | HP: 3/31 [poisoned by an adder]
  1592 | D:2      | Gained mutation: You are dopey. (Int -2) [potion of
                  | mutation]
  1592 | D:2      | Gained mutation: You are weak. (Str -2) [potion of
                  | mutation]
  1592 | D:2      | Gained mutation: You are very weak. (Str -4) [potion of
                  | mutation]
  1592 | D:2      | HP: 3/31 [poisoned by an adder]
  2002 | D:2      | Reached XP level 4. HP: 32/39 MP: 3/3
  2121 | D:2      | Reached skill level 6 in Axes
  2163 | D:2      | Found a faded altar of an unknown god.
  2468 | D:3      | Noticed a +0 hand axe
  2468 | D:3      | Noticed a +0 dagger
  2470 | D:3      | Found a hide-covered altar of Uskayaw.
  2609 | D:3      | Found an ancient bone altar of Kikubaaqudgha.
  2609 | D:3      | Noticed a human
  2613 | D:3      | Killed a human
  2828 | D:3      | Reached *** piety under Trog
  2874 | D:3      | Reached skill level 7 in Axes
  2874 | D:3      | Reached XP level 5. HP: 23/45 MP: 4/4
  2922 | D:3      | Found a glowing drain.
  2926 | Sewer    | Entered a sewer
  3058 | Sewer    | Reached skill level 8 in Axes
  3192 | Sewer    | Reached XP level 6. HP: 49/51 MP: 5/5
  3437 | Sewer    | Reached skill level 9 in Axes
  3869 | D:4      | Found a sand-covered staircase.
  3874 | Ossuary  | Entered an ossuary
  3896 | Ossuary  | Reached **** piety under Trog
  3911 | Ossuary  | Reached XP level 7. HP: 32/57 MP: 6/6
  4011 | Ossuary  | Reached skill level 10 in Axes
  4213 | Ossuary  | Lost mutation: You are dopey. (Int -2) [potion of mutation]
  4213 | Ossuary  | Lost mutation: You are very weak. (Str -4) [potion of
                  | mutation]
  4213 | Ossuary  | Gained mutation: You are very weak. (Str -4) [potion of
                  | mutation]
  4214 | Ossuary  | Lost mutation: You are very weak. (Str -4) [potion of
                  | mutation]
  4214 | Ossuary  | Lost mutation: You are weak. (Str -2) [potion of mutation]
  4214 | Ossuary  | Gained mutation: Your spells are a little harder to cast,
                  | but a little more powerful. [potion of mutation]
  4214 | Ossuary  | Gained mutation: You have a pair of large horns on your
                  | head. [potion of mutation]
  4214 | Ossuary  | Gained mutation: You are partially covered in large bone
                  | plates. (SH +4) [potion of mutation]
  4238 | D:4      | Reached ***** piety under Trog
  4330 | D:4      | Identified the +2 robe "Juohuypp" {Fly rC+ MP+9 Str+5}
  4483 | D:4      | Noticed Menkaure
  4491 | D:4      | Reached skill level 11 in Axes
  4497 | D:4      | Killed Menkaure
  4589 | D:4      | Found a runed translucent door.
  4590 | D:4      | Noticed Crazy Yiuf
  4651 | D:4      | Reached XP level 8. HP: 61/64 MP: 7/7
  4659 | D:4      | Received a gift from Trog
  4660 | D:4      | Reached skill level 12 in Axes
  4709 | D:4      | Found a shimmering altar of Xom.
  4972 | D:5      | Entered Level 5 of the Dungeon
  5006 | D:5      | Reached skill level 13 in Axes
  5060 | D:5      | Identified a +1 robe of resistance
  5148 | D:5      | Reached skill level 4 in Fighting
  5211 | D:5      | Reached skill level 3 in Armour
  5307 | D:5      | Reached skill level 3 in Dodging
  5307 | D:5      | Reached XP level 9. HP: 53/71 MP: 8/8
  5343 | D:5      | Found a sparkling altar of Nemelex Xobeh.
  5344 | D:5      | Found a transporter.
  5869 | D:6      | Reached skill level 14 in Axes
  6028 | D:6      | Reached skill level 4 in Armour
  6074 | D:6      | Reached skill level 5 in Fighting
  6110 | D:6      | Reached skill level 4 in Dodging
  6138 | D:6      | Noticed a cyclops
  6145 | D:6      | Killed a cyclops
  6224 | D:6      | Noticed Duvessa
  6225 | D:6      | Noticed Dowan
  6241 | D:6      | Reached skill level 5 in Armour
  6243 | D:6      | Killed Duvessa
  6255 | D:6      | Killed Dowan
  6297 | D:6      | Reached skill level 6 in Fighting
  6379 | D:6      | Found Surisk's Armour Shoppe.
  6393 | D:6      | Reached skill level 15 in Axes
  6422 | D:6      | Bought a +1 pair of boots of stealth for 181 gold pieces
  6615 | D:6      | Reached skill level 5 in Dodging
  6615 | D:6      | Reached XP level 10. HP: 82/83 MP: 9/9
  6954 | D:7      | Paralysed by a hornet for 1 turns
  6956 | D:7      | Paralysed by a hornet for 2 turns
  6959 | D:7      | Mangled by a wight

Vanquished Creatures
  A cyclops (D:6)
  A hornet (D:7)
  A vampire (D:6)
  Menkaure (D:4)
  2 water moccasins
  Duvessa (D:6)
  5 ogres
  4 black bears
  A phantom (D:6)
  A centaur (D:5)
  3 kobold brigands (Sewer)
  7 scorpions
  4 necrophages
  Dowan (D:6)
  A killer bee (D:6)
  A centaur zombie (Ossuary)
  4 crimson imps (D:4)
  4 hounds
  4 human zombies (Ossuary)
  3 jellies
  An orc priest (D:4)
  A gnoll bouda (D:6)
  4 iguanas
  An orc wizard (D:5)
  2 hound zombies (Ossuary)
  3 mummies (Ossuary)
  15 gnolls
  5 river rats
  18 adders
  A shadow imp (D:6)
  2 white imps
  3 ufetubi
  2 adder zombies (Ossuary)
  10 worms
  3 dart slugs
  13 orcs
  5 endoplasms
  3 giant cockroaches
  2 gnoll zombies (Ossuary)
  5 goblins
  6 hobgoblins
  10 jackals
  6 quokkas
  20 ball pythons
  4 bats
  3 frilled lizards
  6 goblin zombies (Ossuary)
  6 hobgoblin zombies (Ossuary)
  2 jackal zombies (Ossuary)
  16 kobolds
  A kobold zombie (Ossuary)
  An orc zombie (Ossuary)
  2 quokka zombies (Ossuary)
  9 rats
  7 rat zombies (Ossuary)
248 creatures vanquished.

Vanquished Creatures (others)
  A human (D:3)
1 creature vanquished.

Grand Total: 249 creatures vanquished
